 Dungeon Crawl Stone Soup version 0.26-a0-651-gb41185065b (webtiles) character file.

Game seed: 9355089292470239310

(classic levelgen) 178502 EnegeticOcto the Severer (level 16, 89/152 HPs)
             Began as a Deep Dwarf Fighter on Oct 13, 2020.
             Was a High Priest of Makhleb.
             Quit the game on level 1 of the Depths.
             The game lasted 00:15:56 (15462 turns).

EnegeticOcto the Severer (Deep Dwarf Fighter)      Turns: 15462, Time: 00:15:57

Health: 89/152     AC: 26    Str: 22    XL:     16   Next: 98%
Magic:  0/0        EV: 17    Int: 11    God:    Makhleb [*****.]
Gold:   1227       SH: 18    Dex: 17    Spells: 15/15 levels left

rFire    + . .     SeeInvis +   u - +1 broad axe "Roqifyze" {freeze, *Contam rC+ Dex+2}
rCold    + + .     Faith    .   c - +0 kite shield
rNeg     + . .     Spirit   .   N - +1 plate armour {MR+}
rPois    +         Reflect  +   m - +1 helmet {SInv}
rElec    .         Harm     .   y - scarf {rC+ rF+}
rCorr    +         Rampage  .   k - +1 pair of gloves of Lupeomel {rPois rCorr SInv Stlth-}
MR       ++++.                  x - +2 pair of boots
Stlth    ..........             G - amulet of reflection
HPRegen  0.00/turn              g - +4 ring of evasion
MPRegen  0.07/turn              L - ring of protection from magic

@: non-regenerating, studying Armour
A: damage resistance, heal wounds, negative energy resistance 1, sense
surroundings 2, no regeneration
}: 2/15 runes: barnacled, gossamer
a: Heal Wounds, Minor Destruction, Lesser Servant of Makhleb, Major Destruction,
Greater Servant of Makhleb, Renounce Religion


You were on level 1 of the Depths.
You worshipped Makhleb.
Makhleb was extremely pleased with you.
You visited 6 branches of the dungeon, and saw 28 of its levels.
You also visited: Volcano.

You collected 1770 gold pieces.
You spent 543 gold pieces at shops.

Inventory:

Hand Weapons
 a - a +3 broad axe
 u - the +1 broad axe "Roqifyze" (weapon) {freeze, *Contam rC+ Dex+2}
   (You found it on level 11 of the Dungeon)

   It has been specially enchanted to freeze those struck by it, causing extra
   injury to most foes and up to half again as much damage against particularly
   susceptible opponents.
   It can also slow down cold-blooded creatures.
   It affects your dexterity (+2).
   It protects you from cold.
   It causes magical contamination when unequipped.
Missiles
 S - 2 throwing nets (quivered)
Armour
 c - a +0 kite shield (worn)
 k - the +1 pair of gloves of Lupeomel (worn) {rPois rCorr SInv Stlth-}
   (You found it on level 4 of the Dungeon)

   It protects you from poison.
   It lets you see invisible.
   It provides partial protection from all sources of acid and corrosion.
   It makes you less stealthy.
 m - a +1 helmet of see invisible (worn)
 x - a +2 pair of boots (worn)
 y - a scarf of resistance (worn)
 N - a +1 plate armour of magic resistance (worn)
Jewellery
 g - a +4 ring of evasion (left hand)
 G - an amulet of reflection (around neck)
 L - a ring of protection from magic (right hand)
Wands
 b - a wand of iceblast (26) {@v2}
 e - a wand of enslavement (1)
 f - a wand of acid (13) {@v1}
 F - a wand of disintegration (22)
 P - a wand of paralysis (10)
Scrolls
 o - 4 scrolls of fog
 r - 2 scrolls of immolation {@r4}
 s - 11 scrolls of teleportation {@r3}
 w - a scroll of fear
 A - a scroll of magic mapping {@r5}
 B - 3 scrolls of noise
 C - 2 scrolls of enchant weapon
 D - 4 scrolls of blinking
 H - 3 scrolls of remove curse {@r2}
 M - a scroll of holy word
 O - 4 scrolls of identify {@r1}
Potions
 d - 4 potions of might {@q3}
 h - 2 potions of cancellation
 i - 6 potions of curing {@q1}
 j - a potion of flight
 l - 3 potions of haste {@q4}
 n - 5 potions of stabbing
 p - 3 potions of ambrosia
 q - 3 potions of mutation
 t - 4 potions of heal wounds {@q2}
 I - 2 potions of berserk rage
Books
 J - a manual of Armour
Miscellaneous
 z - a box of beasts (3/3)
 K - a phantom mirror


   Skills:
 + Level 11.7 Fighting
 * Level 17.9 Axes
 + Level 14.0 Armour
 - Level 11.1 Dodging
 + Level 11.0 Shields
 * Level 17.3 Invocations


You had 15 spell levels left.
You didn't know any spells.
Your spell library was empty.

Dungeon Overview and Level Annotations

Branches:
Dungeon (15/15)            Temple (1/1) D:4            Lair (3/6) D:11
 Shoals (4/4) Lair:3       Spider (4/4) Lair:2          Orc (0/2) D:12
 Vaults (0/5) D:13         Depths (1/5) D:15        Volcano (visited)

Altars:
Ashenzari
Cheibriados
Dithmenos
Elyvilon
Fedhas
Gozag
Hepliaklqana
Kikubaaqudgha
Makhleb
Nemelex Xobeh
Okawaru
Qazlal
Ru
Sif Muna
Trog
Uskayaw
Vehumet
Wu Jian
Xom
Yredelemnul
Zin
The Shining One

Shops:
D:6 *   D:10 *   D:11 (   D:13 (   Shoals:3 }

Annotations:
D:4 3 runed translucent doors, Finra's ghost, amateur MfGl
D:5 3 runed translucent doors, PanSaczeczos's ghost, novice HaAr; comborobin's ghost, weakling PaDe
D:7 exclusion: statue
Shoals:3 3 runed translucent doors, Niuzuguo's ghost, adept SpEn; donkeybrains's ghost, adept MiFi


Innate Abilities, Weirdness & Mutations

You are resistant to damage.
You can heal yourself by infusing magical energy.
You resist negative energy. (rN+)
You passively map the area around you.
You do not regenerate.


Message History

You are too injured to fight recklessly!
You are too injured to fight recklessly!
You are too injured to fight recklessly!
You are too injured to fight recklessly!
Your magical essence is drained by the effort!
You feel much better.
The spark wasp stings you but does no damage. x2
You block the spark wasp's attack. x2; The spark wasp misses you.
The spark wasp bursts into living lightning!
The living lightning hits you.
The living lightning misses the spark wasp.
The spark wasp blinks!
You slash the spark wasp! You freeze the spark wasp.
You kill the spark wasp!
Makhleb accepts your kill.
You feel better.
You hit the spark wasp but do no damage.
The spark wasp stings you but does no damage.
You barely miss the spark wasp.
The spark wasp is heavily wounded.
The spark wasp stings you! The spark wasp shocks you!
You hit the spark wasp. You freeze the spark wasp.
The spark wasp is heavily wounded.
The spark wasp stings you but does no damage.
You slash the spark wasp! You freeze the spark wasp.
The spark wasp is almost dead.
The spark wasp bursts into living lightning!
The living lightning hits the spark wasp.
The spark wasp completely resists.
The living lightning hits you!
The spark wasp blinks!
The spark wasp closely misses you.
You are too injured to fight recklessly!
You are too injured to fight recklessly!
You are too injured to fight recklessly!
You are too injured to fight recklessly!
You are too injured to fight recklessly!
You are too injured to fight recklessly!
You are too injured to fight recklessly!
You are too injured to fight recklessly!
You are too injured to fight recklessly!
You are too injured to fight recklessly!
You are too injured to fight recklessly!
You are too injured to fight recklessly!
You are too injured to fight recklessly!
You are too injured to fight recklessly!
You are too injured to fight recklessly!
You are too injured to fight recklessly!
You are too injured to fight recklessly!
You are too injured to fight recklessly!
You are too injured to fight recklessly!
Your magical essence is drained by the effort!
You feel much better. You block the spark wasp's attack.
The spark wasp stings you but does no damage.
You slash the spark wasp! You freeze the spark wasp.
You kill the spark wasp!
Makhleb accepts your kill.
You feel better.
Your Armour skill increases to level 14!
You hit the spark wasp but do no damage.
The spark wasp is severely wounded.
You closely miss the spark wasp.
The spark wasp is severely wounded.
The spark wasp barely misses you. The spark wasp completely misses you.
You closely miss the spark wasp.
The spark wasp is severely wounded.
You block the spark wasp's attack.
You hit the spark wasp. You freeze the spark wasp.
The spark wasp is severely wounded.
You block the spark wasp's attack.
You hit the spark wasp but do no damage.
The spark wasp is severely wounded.
You block the spark wasp's attack.
You closely miss the spark wasp.
The spark wasp is severely wounded.
The spark wasp bursts into living lightning!
The living lightning hits you!
The spark wasp blinks!
You hit the spark wasp but do no damage.
The spark wasp is severely wounded.
You block the spark wasp's attack.
You hit the spark wasp. You freeze the spark wasp.
The spark wasp is severely wounded.
You block the spark wasp's attack.
Your shield and plate armour prevent you from hitting the spark wasp.
The spark wasp is severely wounded.
The spark wasp bursts into living lightning!
The living lightning misses you.
The spark wasp blinks!
You slash the spark wasp! You freeze the spark wasp.
The spark wasp is almost dead.
The spark wasp stings you but does no damage.
You miss the spark wasp.
The spark wasp is almost dead.
You block the spark wasp's attack. The spark wasp misses you.
A spark wasp is nearby!
A spark wasp is nearby!
A spark wasp is nearby!
A spark wasp is nearby!
A spark wasp is nearby!
A spark wasp is nearby!
A spark wasp is nearby!
A spark wasp is nearby!
Are you sure you want to abandon this character and quit the game? (Confirm with "yes".)

################
.........@y....#
,........†≈≈≈≈≈.#
*
.........≈###≈<#
.........≈# #≈.#
.........≈# #≈.#
, ....$....≈#
#≈.# >, ,+
.........≈≈ ≈≈.#
* *
,...............#
,, , ...(#


You could see a spark wasp.

Vanquished Creatures
  Gastronok (Lair:2)
  Polyphemus (Shoals:4)
  6 ghost moths
  5 emperor scorpions
  Aizul (Spider:4)
  3 entropy weavers
  2 merfolk javelineers (Shoals:4)
  5 spark wasps
  2 merfolk impalers
  A yaktaur captain (D:14)
  A hydra (D:14)
  A catoblepas (Lair:2)
  3 centaur warriors
  A death knight (D:13)
  3 merfolk aquamancers (Shoals:4)
  5 two-headed ogres
  3 alligator snapping turtles
  2 death yaks
  A queen ant (Spider:1)
  A sun demon (Volcano)
  A hell knight (Volcano)
  An unseen horror (D:10)
  4 sea snakes
  5 harpies
  A flayed ghost (D:14)
  A harpy (shapeshifter) (D:15)
  2 deep elf magi
  5 ugly things
  20 wolf spiders
  13 orb spiders
  7 manticores
  2 moths of wrath (Spider:4)
  6 merfolk sirens
  2 centaur zombies (D:14)
  Maurice (D:13)
  A black mamba (shapeshifter) (D:15)
  Maggie (D:7)
  3 water nymphs
  2 torpor snails
  2 molten gargoyles (Volcano)
  2 black mambas
  2 gargoyles
  6 cane toads
  4 komodo dragons
  3 kobold demonologists
  7 demonic crawlers
  2 tengu conjurers (D:14)
  A meliai (shapeshifter) (D:13)
  A jumping spider (shapeshifter) (D:15)
  3 red devils (Volcano)
  4 trolls
  33 jumping spiders
  A harpy zombie (D:14)
  A polar bear (Lair:2)
  3 wind drakes
  7 hornets
  15 merfolk
  4 snapping turtles
  4 blink frogs (Lair:3)
  3 slime creatures
  49 redbacks
  10 hippogriffs
  3 shadows
  15 tarantellas
  A wraith (D:13)
  A wyvern (shapeshifter) (D:13)
  A centaur simulacrum (D:14)
  4 spriggans (Lair:2)
  4 basilisks
  20 yaks
  A vampire mosquito (D:13)
  A wyvern (D:10)
  5 hogs (Spider:1)
  Menkaure (D:7)
  11 soldier ants (Spider:1)
  3 acid dragons
  8 water moccasins
  2 porcupines
  Duvessa (D:7)
  A hell hound (Volcano)
  2 orc warriors
  5 ice beasts
  6 sky beasts
  A necrophage (D:10)
  4 ogres
  6 phantoms
  A boggart (D:13)
  A wolf (Lair:2)
  A crocodile (Lair:3)
  6 centaurs
  5 big kobolds
  13 bullfrogs
  2 gnoll sergeants
  2 wyvern zombies
  Dowan (D:7)
  2 scorpions (Spider:2)
  2 troll zombies (D:12)
  4 killer bees (D:9)
  4 wights (D:10)
  2 electric eels
  4 howler monkeys
  A lava snake (Volcano)
  A bullfrog zombie (D:13)
  4 hounds
  5 jellies
  4 orc priests
  3 bullfrog skeletons
  8 centaur skeletons
  12 orc wizards
  28 worker ants
  6 ogre zombies (D:12)
  A hound zombie (D:5)
  4 hound skeletons
  5 gnolls (D:10)
  A river rat (D:11)
  10 adders
  2 shadow imps
  2 white imps
  An adder zombie (D:9)
  An adder skeleton (D:5)
  2 worms (D:3)
  3 dart slugs
  2 leopard geckos
  43 orcs
  A bat (D:1)
  5 giant cockroaches
  4 goblins
  3 hobgoblins
  14 jackals
  6 kobolds
  3 quokkas
  3 frilled lizards
  A goblin skeleton (D:12)
  3 goblin zombies (D:12)
  A hobgoblin skeleton (D:12)
  A hobgoblin zombie (D:12)
  A leopard gecko skeleton (D:7)
  5 orc skeletons (D:12)
  14 orc zombies (D:12)
  A quokka zombie (D:9)
  5 rats
670 creatures vanquished.

Vanquished Creatures (collateral kills)
  Agnes (D:15)
  Kirke (Spider:1)
  An emperor scorpion (Spider:2)
  A stone giant (D:14)
  2 entropy weavers
  2 merfolk javelineers (Shoals:4)
  A merfolk impaler (Shoals:4)
  5 hydras
  A rakshasa (D:15)
  3 centaur warriors
  An anaconda (shapeshifter) (D:14)
  A catoblepas (Shoals:4)
  An alligator snapping turtle (Shoals:4)
  A tengu warrior (D:14)
  4 death yaks
  An iron troll (D:13)
  A glowing orange brain (D:15)
  A sea snake (Shoals:4)
  5 orb spiders
  A harpy (Shoals:4)
  2 ugly things
  10 wolf spiders
  A moth of wrath (Spider:1)
  A merfolk siren (Shoals:4)
  A gargoyle (D:13)
  An efreet (D:14)
  3 demonic crawlers
  3 freezing wraiths
  4 merfolk (Shoals:4)
  A tengu conjurer (D:14)
  A troll (D:14)
  4 jumping spiders
  A snapping turtle (Shoals:4)
  A hornet (Spider:2)
  A slime creature (D:15)
  A hippogriff (D:11)
  10 redbacks
  11 tarantellas
  A fire bat (Volcano)
  2 hogs (Spider:1)
  11 soldier ants (Spider:1)
  An orc warrior (D:14)
  A centaur (Shoals:4)
  A bullfrog (Lair:1)
  2 scorpions (Spider:2)
  2 lava snakes (Volcano)
  An orc priest (D:11)
  An orc wizard (D:11)
  7 worker ants (Spider:1)
122 creatures vanquished.

Vanquished Creatures (others)
  A centaur warrior (D:14)
  A merfolk aquamancer (Shoals:4)
  A sea snake (Shoals:4)
  An unseen horror (D:13)
  A jumping spider (Spider:3)
  A redback (Spider:4)
  7 fungi
  6 plants
19 creatures vanquished.

Grand Total: 811 creatures vanquished

Notes
Turn   | Place    | Note
-------+----------+-------------------------------------------
     0 | D:1      | EnegeticOcto the Deep Dwarf Fighter began the quest for the
                  | Orb.
     0 | D:1      | Reached XP level 1. HP: 20/20 MP: 1/1
    48 | D:1      | Reached XP level 2. HP: 22/27 MP: 2/2
   232 | D:2      | Reached XP level 3. HP: 25/34 MP: 3/3
   339 | D:3      | Reached XP level 4. HP: 34/42 MP: 4/4
   359 | D:3      | Reached skill level 1 in Dodging
   360 | D:3      | Found a faded altar of an unknown god.
   369 | D:3      | Became a worshipper of Vehumet
   369 | D:3      | Reached * piety under Vehumet
   369 | D:3      | Offered knowledge of Sandblast by Vehumet.
   448 | D:3      | Found a shadowy altar of Dithmenos.
   456 | D:3      | Found a hazy altar of Hepliaklqana.
   457 | D:3      | Found a basalt altar of Yredelemnul.
   457 | D:3      | Found a hide-covered altar of Uskayaw.
   566 | D:4      | Found a runed translucent gate.
   567 | D:4      | Found a runed translucent gate.
   568 | D:4      | Found a runed translucent gate.
   570 | D:4      | Noticed Finra's ghost (amateur MfGl)
   619 | D:4      | Reached XP level 5. HP: 30/49 MP: 5/5
   646 | D:4      | Got a pair of glimmering gloves
   651 | D:4      | Identified the +1 pair of gloves of Lupeomel {rPois rCorr
                  | SInv Stlth-} (You found it on level 4 of the Dungeon)
   682 | D:4      | Found a staircase to the Ecumenical Temple.
   697 | Temple   | Entered the Ecumenical Temple
   903 | Temple   | Fell from the grace of Vehumet
   903 | Temple   | Became a worshipper of Makhleb the Destroyer
  1240 | D:4      | Reached skill level 1 in Invocations
  1426 | D:4      | Noticed a phantom
  1441 | D:4      | Killed a phantom
  1441 | D:4      | Reached XP level 6. HP: 53/57 MP: 5/7
  1515 | D:4      | Reached skill level 5 in Axes
  1838 | D:5      | Entered Level 5 of the Dungeon
  1898 | D:5      | Found a sparkling altar of Nemelex Xobeh.
  1898 | D:5      | Found a broken altar of Ashenzari.
  1932 | D:5      | Found a runed translucent gate.
  1933 | D:5      | Found a runed translucent gate.
  1934 | D:5      | Found a runed translucent gate.
  1935 | D:5      | Noticed comborobin's ghost (weakling PaDe)
  1936 | D:5      | Noticed PanSaczeczos's ghost (novice HaAr)
  2244 | D:5      | Reached XP level 7. HP: 63/63 MP: 7/7
  2484 | D:6      | Reached * piety under Makhleb
  2506 | D:6      | Reached skill level 5 in Armour
  2594 | D:6      | Reached XP level 8. HP: 64/73 MP: 9/9
  3013 | D:6      | Found Zin's Purification Station.
  3015 | D:6      | Found a glowing silver altar of Zin.
  3031 | D:6      | Found a white marble altar of Elyvilon.
  3135 | D:7      | Noticed Menkaure
  3148 | D:7      | Killed Menkaure
  3196 | D:7      | Noticed Duvessa
  3201 | D:7      | Noticed Dowan
  3228 | D:7      | Killed Duvessa
  3245 | D:7      | Killed Dowan
  3245 | D:7      | Reached skill level 5 in Fighting
  3319 | D:7      | Reached skill level 5 in Invocations
  3320 | D:7      | Reached ** piety under Makhleb
  3422 | D:7      | Found a stormy altar of Qazlal.
  3476 | D:7      | Noticed Maggie
  3491 | D:7      | Paralysed by Maggie for 5 turns
  3505 | D:7      | Paralysed by Maggie for 4 turns
  3517 | D:7      | Killed Maggie
  3517 | D:7      | Gained mutation: You passively map the area around you.
                  | [Deep Dwarf growth]
  3517 | D:7      | Reached XP level 9. HP: 69/81 MP: 9/11
  3610 | D:7      | Found a burning altar of Makhleb.
  3727 | D:7      | Found a radiant altar of Vehumet.
  3788 | D:8      | Noticed a kobold demonologist
  3788 | D:8      | Noticed a kobold demonologist
  3792 | D:8      | Noticed a rust devil
  3806 | D:8      | Noticed a smoke demon
  3808 | D:8      | Killed a kobold demonologist
  3808 | D:8      | Reached skill level 5 in Dodging
  3809 | D:8      | Killed a kobold demonologist
  3911 | D:8      | You fall into a shaft and drop 2 floors!
  3911 | D:10     | Entered Level 10 of the Dungeon
  4002 | D:9      | Reached XP level 10. HP: 91/91 MP: 13/13
  4114 | D:9      | Identified a scroll of acquirement
  4114 | D:9      | Acquired a +1 helmet of see invisible
  4182 | D:9      | Noticed a deep elf mage
  4182 | D:9      | Noticed a gargoyle
  4183 | D:9      | Noticed a two-headed ogre
  4197 | D:9      | Killed a gargoyle
  4205 | D:9      | Reached skill level 10 in Axes
  4210 | D:9      | Killed a deep elf mage
  4217 | D:9      | Reached *** piety under Makhleb
  4231 | D:9      | Killed a two-headed ogre
  4255 | D:9      | Identified the Tome of Doom
  4478 | D:9      | Found a bloodstained altar of Trog.
  5121 | D:10     | Noticed an unseen horror
  5157 | D:10     | Killed an unseen horror
  5157 | D:10     | Reached XP level 11. HP: 95/100 MP: 13/13
  5404 | D:10     | Was forgiven by Vehumet
  5426 | D:10     | Reached **** piety under Makhleb
  5443 | D:10     | Found Yhegg's Assorted Antiques.
  5451 | D:10     | Bought a scroll labeled YVESECS TO CIZ for 27 gold pieces
  6238 | D:11     | Noticed a death yak
  6239 | D:11     | Noticed a death yak
  6241 | D:11     | Found a staircase to the Lair.
  6242 | D:11     | Noticed a death yak
  6273 | D:11     | Killed a death yak
  6280 | D:11     | Killed a death yak
  6287 | D:11     | Killed a death yak
  6414 | D:11     | Found Poentakh's Antique Weapon Boutique.
  6417 | D:11     | Bought a broad axe for 112 gold pieces
  6614 | D:11     | Noticed a red ugly thing
  6634 | D:11     | Killed a red ugly thing
  6925 | D:11     | Got a translucent broad axe
  6925 | D:11     | Identified the cursed +1 broad axe "Roqifyze" {freeze,
                  | *Contam rC+ Dex+2} (You found it on level 11 of the
                  | Dungeon)
  6975 | D:12     | Noticed a two-headed ogre
  6982 | D:12     | Killed a two-headed ogre
  7010 | D:12     | Noticed a two-headed ogre
  7017 | D:12     | Killed a two-headed ogre
  7170 | D:12     | Noticed a brown ugly thing
  7177 | D:12     | Killed a brown ugly thing
  7282 | D:12     | Found a staircase to the Orcish Mines.
  7330 | D:12     | Reached skill level 10 in Invocations
  7339 | D:12     | Reached XP level 12. HP: 109/110 MP: 12/12
  7355 | D:12     | Reached ***** piety under Makhleb
  7665 | D:13     | Noticed Maurice
  7686 | D:13     | Killed Maurice
  7735 | D:13     | Noticed a seven-headed hydra
  7756 | D:13     | Killed a 17-headed hydra
  7871 | D:13     | Noticed a two-headed ogre
  7879 | D:13     | Killed a two-headed ogre
  7883 | D:13     | Found Dumoheq's Antique Weapon Emporium.
  7992 | D:13     | Found a gate to the Vaults.
  8049 | D:13     | Noticed a centaur warrior
  8062 | D:13     | Killed a centaur warrior
  8062 | D:13     | Reached skill level 10 in Armour
  8177 | D:13     | Noticed a centaur warrior
  8177 | D:13     | Noticed a four-headed hydra
  8177 | D:13     | Noticed a death knight
  8178 | D:13     | Noticed a centaur warrior
  8198 | D:13     | Reached skill level 5 in Shields
  8203 | D:13     | Killed a 16-headed hydra
  8227 | D:13     | Killed a death knight
  8229 | D:13     | Killed a centaur warrior
  8237 | D:13     | Noticed a two-headed ogre
  8240 | D:13     | Killed a centaur warrior
  8511 | D:14     | Reached XP level 13. HP: 120/120 MP: 11/11
  8795 | D:14     | Reached skill level 10 in Dodging
  8897 | D:14     | Noticed a stone giant
  8945 | D:14     | Killed a stone giant
  9293 | D:15     | Entered Level 15 of the Dungeon
  9294 | D:15     | Noticed Agnes
  9303 | D:15     | Killed Agnes
  9337 | D:15     | Found a staircase to the Depths.
  9426 | Lair:1   | Entered Level 1 of the Lair of Beasts
  9442 | Lair:1   | Found a shadowy altar of Dithmenos.
  9664 | Lair:1   | Gained mutation: You resist negative energy. (rN+) [Deep
                  | Dwarf growth]
  9664 | Lair:1   | Reached XP level 14. HP: 92/129 MP: 5/5
  9718 | Lair:1   | Found a dark tunnel.
  9729 | Volcano  | Entered a volcano
  9925 | Volcano  | Found a burning altar of Makhleb.
 10226 | Lair:2   | Noticed Gastronok
 10242 | Lair:2   | Killed Gastronok
 10242 | Lair:2   | Reached skill level 15 in Axes
 10491 | Lair:2   | Found a hole to the Spider Nest.
 11210 | Lair:3   | Found a staircase to the Shoals.
 11475 | D:10     | Bought a scroll of blinking for 202 gold pieces
 11475 | D:10     | Bought a scroll of blinking for 202 gold pieces
 11609 | Spider:1 | Entered Level 1 of the Spider Nest
 11733 | Spider:1 | Noticed an entropy weaver
 11739 | Spider:1 | Killed an entropy weaver
 11740 | Spider:1 | Noticed an entropy weaver
 11758 | Spider:1 | Reached skill level 10 in Fighting
 11787 | Spider:1 | Killed an entropy weaver
 12159 | Spider:1 | Noticed Kirke
 12173 | Spider:1 | Noticed a sphinx
 12191 | Spider:1 | Killed Kirke
 12217 | Spider:1 | Reached XP level 15. HP: 104/138 MP: 6/6
 12494 | Spider:2 | Noticed a ghost moth
 12501 | Spider:2 | Killed a ghost moth
 13041 | Spider:3 | Reached skill level 15 in Invocations
 13172 | Spider:4 | Entered Level 4 of the Spider Nest
 13176 | Spider:4 | Noticed a ghost moth
 13190 | Spider:4 | Killed a ghost moth
 13213 | Spider:4 | Noticed a ghost moth
 13227 | Spider:4 | Killed a ghost moth
 13280 | Spider:4 | Noticed Aizul
 13299 | Spider:4 | Killed Aizul
 13299 | Spider:4 | Reached ****** piety under Makhleb
 13534 | Spider:4 | Reached skill level 10 in Shields
 13542 | Spider:4 | Noticed a ghost moth
 13554 | Spider:4 | Reached XP level 16. HP: 102/150 MP: 0/5
 13750 | Spider:4 | Got a gossamer rune of Zot
 14024 | Shoals:1 | Entered Level 1 of the Shoals
 14087 | Shoals:1 | Acquired a manual of Armour
 14222 | Shoals:3 | Found Usi Vuk's Gadget Shoppe.
 14265 | Shoals:3 | Found a runed translucent gate.
 14265 | Shoals:3 | Found a runed translucent gate.
 14265 | Shoals:3 | Found a runed translucent gate.
 14265 | Shoals:3 | Noticed donkeybrains's ghost (adept MiFi)
 14266 | Shoals:3 | Noticed Niuzuguo's ghost (adept SpEn)
 14376 | Shoals:4 | Entered Level 4 of the Shoals
 14401 | Shoals:4 | Noticed Polyphemus
 14423 | Shoals:4 | Killed Polyphemus
 15132 | Shoals:4 | Got a barnacled rune of Zot
 15419 | Depths:1 | Entered Level 1 of the Depths
 15462 | Depths:1 | Quit the game

Illustrated notes

Levels and vault maps discovered:
D:1:      dpeg_arrival_short_road, layout_basic, minmay_unequal
D:2:      wander_river, layout_loops_ring, uniq_jessica, uniq_sigmund
D:3:      layout_loops_ring, nicolae_dithmenos_shadow_blocks,
          chequers_temple_overflow_statue_of_worship, gup_sewer_entry_bowl,
          chequers_ecumenical_altar_simple_redux, minmay_misc_feat_tower,
          nrook_loot_triangle
D:4:      layout_loops_corners, minmay_temple_entry_antechambers,
          gammafunk_ghost_necromancy, minmay_circle_x
D:5:      layout_cave_pools, gammafunk_temple_overflow_pools,
          gammafunk_ghost_cemetery, kennysheep_cross_room
D:6:      layout_basic, zin_purify, elyvilon_altar_4
D:7:      layout_loops_ring, grunt_qazlal_sundering, vehumet_statue,
          basic_altar, hangedman_decor_opposing, uniq_duvessa,
          uniq_prince_ribbit1, uniq_menkaure, uniq_maggie
D:8:      layout_basic
D:9:      minmay_the_grid_triangle_9x9_rhombus_thin_mashed
          [minmay_the_grid_triangle_9x9_descending_squares,
          minmay_the_grid_triangle_9x9_prize_insulated,
          minmay_the_grid_triangle_9x9_longest,
          minmay_the_grid_triangle_9x9_limited_checkers], layout_basic,
          lemuel_doored_altar
D:10:     layout_layer_cave, serial_shops, shop
D:11:     layout_basic, dpeg_lair_monsters, serial_shops, nicolae_shop_crystal,
          minivault_5
D:12:     layout_roguey, zombieorc2_lemuel, serial_glass, glass_columns_a,
          glass_columns_b, serial_bayou_pond_b
D:13:     layout_small_grid, david_vaults_4, serial_shops, nicolae_shop_trees,
          nrook_pool_corridor, minivault_28, uniq_maurice
D:14:     minmay_nested_s, layout_basic, serial_rivers,
          chequers_serial_rivers_micro_c, chequers_serial_rivers_room_b,
          chequers_serial_rivers_micro_d, chequers_serial_rivers_micro_c
D:15:     gammafunk_enter_depths_forms, layout_layer_cave,
          okawaru_ov_weapons_minmay, brannock_xom_greatest_gift, uniq_agnes
Temple:   minmay_temple_curvy_loop
Lair:1:   layout_regular_city, basic_altar, lightli_volcano_entry_magma_tube
Lair:2:   kb_forest_paths, layout_chaotic_city,
          nicolae_spider_entry_tight_spaces, infiniplex_staircase_pool,
          uniq_gastronok
Lair:3:   layout_small_grid, minmay_shoals_entry_lonely_mermaid,
          ebering_ghost_rock_garden
Shoals:1: layout_shoals
Shoals:2: layout_shoals, serial_shops, nicolae_shop_statue_plus, lightli_airlock
Shoals:3: layout_shoals, serial_shops, shop, gammafunk_ghost_cemetery
Shoals:4: shoals_end_simple, layout_shoals, uniq_polyphemus
Spider:1: layout_spider_delve, minivault_29, hangedman_spider_tarantella_strand,
          uniq_kirke
Spider:2: nicolae_spider_corner, guppyfry_spider_mini_1
Spider:3: layout_spider_delve, portal_ice_cave_entry_ice_statue_one,
          uniq_asterion
Spider:4: spider_rune_water, uniq_donald, uniq_arachne, uniq_aizul
Depths:1: kennysheep_ogre_elephant_herders, layout_gridlike,
          rand_demon_pan_entry_7, hell_entry, abyss_entry_glasseish,
          nicolae_trove_entry_crossroad, roderic_roman_lattice,
          minmay_microvault, uniq_enchantress

Skill      XL: |  1  2  3  4  5  6  7  8  9 10 11 12 13 14 15 16 |
---------------+-------------------------------------------------+-----
Axes           | 3 4 5 6 8 9 11 12 13 14 15 16 17 | 17.9
Fighting       | 3 4 5 6 7 8 9 10 11 | 11.7
Dodging        | 1 2 3 4 6 7 8 9 10 11 | 11.1
Armour         | 4 5 6 7 8 9 10 11 12 14 | 14.0
Invocations    | 1 2 3 5 7 8 10 11 12 14 15 17 | 17.3
Shields        | 5 7 8 10 11 | 11.0

Action                   |  1- 3 |  4- 6 |  7- 9 | 10-12 | 13-15 | 16-18 || total
-------------------------+-------+-------+-------+-------+-------+-------++-------
Melee: War axe           |    83 |   155 |   346 |   372 |       |       ||   956
       Broad axe         |       |       |       |   391 |  1230 |   570 ||  2191
Invok: Lesser Servant of |       |       |       |     5 |    30 |    13 ||    48
       Greater Servant o |       |       |       |       |     5 |     2 ||     7
 Abil: Heal Wounds       |     1 |     2 |    12 |    44 |    45 |    14 ||   118
Evoke: Wand              |       |       |       |     1 |     3 |       ||     4
       Box of beasts     |       |       |       |       |     3 |       ||     3
  Use: Scroll            |       |    10 |     6 |    13 |    10 |     3 ||    42
       Potion            |       |       |       |     1 |     7 |     2 ||    10
 Stab: Confused          |       |       |     1 |       |       |       ||     1
       Distracted        |       |       |       |     3 |    13 |    12 ||    28
       Petrified         |       |       |       |       |       |     5 ||     5
Armor: Scale mail        |    22 |    29 |       |       |       |       ||    51
       Chain mail        |       |    27 |   158 |   392 |   524 |       ||  1101
       Plate armour      |       |       |       |       |   311 |   251 ||   562
Dodge: Dodged            |    33 |    87 |   186 |   588 |  1163 |   362 ||  2419
Block: Kite shield       |    32 |    98 |   183 |   492 |  1072 |   566 ||  2443
       Reflection        |       |       |       |       |       |    13 ||    13

Table legend: (Time is in decaauts)
 A = Elapsed time spent in this place.
 B = Non-inter-level travel time spent in this place.
 C = Inter-level travel time spent in this place.
 D = Time resting spent in this place.
 E = Time spent auto-exploring this place.
 F = Levels seen in this place.
 G = Mean time per level.
                   A        B        C        D        E       F      G
               +--------+--------+--------+--------+--------+-----+--------+
         Total |  15531 |  13878 |   1653 |     26 |   8561 |  29 |  535.6 |
       Dungeon |   9582 |   8727 |    855 |      0 |   5964 |  15 |  638.8 |
        Temple |    242 |    194 |     48 |      0 |    191 |   1 |  242.0 |
          Lair |   1915 |   1554 |    361 |      0 |   1082 |   3 |  638.3 |
        Shoals |   1204 |   1057 |    147 |      0 |    475 |   4 |  301.0 |
   Spider Nest |   2219 |   1979 |    240 |     26 |    737 |   4 |  554.8 |
        Depths |     36 |     36 |      0 |      0 |      3 |   1 |   36.0 |
       Volcano |    330 |    330 |      0 |      0 |    108 |   1 |  330.0 |
               +--------+--------+--------+--------+--------+-----+--------+

Top non-repeatable levels by time:
     D:4: 1122 daAuts
    D:10: 1064 daAuts
    D:11: 1025 daAuts
  Lair:2: 1008 daAuts
    D:14: 852 daAuts
    D:13: 842 daAuts
Shoals:4: 800 daAuts
    D:12: 740 daAuts
Spider:1: 737 daAuts
Spider:2: 730 daAuts
     D:7: 681 daAuts
     D:6: 673 daAuts
     D:8: 661 daAuts
     D:5: 651 daAuts
     D:9: 614 daAuts
